 Dungeon Crawl Stone Soup version 0.19-a0-1168-g98094fc (webtiles) character file.

1563 4thArraOfDagon the Martial Artist (level 8, 42/42 HPs)
             Began as a Vine Stalker Monk on Aug 15, 2016.
             Quit the game on level 3 of the Dungeon.
             The game lasted 00:11:10 (2154 turns).

4thArraOfDagon the Martial Artist (VSMo)            Turns: 2154, Time: 00:11:10

Health: 42/42      AC:  9    Str: 15    XL:     8   Next: 89%
Magic:  9/9        EV: 12    Int: 12    God:
Gold:   231        SH:  0    Dex: 18    Spells: 0 memorised, 7 levels left

rFire  . . .     SeeInvis +       - Unarmed
rCold  . . .     Gourm    .     c - +0 ring mail
rNeg   . . .     Faith    .     (no shield)
rPois  .         Spirit   +     (no helmet)
rElec  .         Dismiss  .     (no cloak)
rCorr  .         Reflect  .     m - +2 pair of gloves
MR     +....     Harm     .     q - +0 pair of boots
Stlth  ++........ Rnd*Rage +    (no amulet)
                                (no ring)
                                k - ring of see invisible

@: no status effects
A: fangs 3, agile 1, berserk 1, high mp 1, regeneration 2, magic shield,
antimagic bite, no device heal 3, rot immunity
a: no special abilities


You were on level 3 of the Dungeon.
You were not hungry.

You visited 1 branch of the dungeon, and saw 10 of its levels.
You also visited: Ossuary.

You collected 231 gold pieces.

Inventory:

Armour
 a - a +0 robe
 c - a +0 ring mail (worn)
 f - a cursed +0 robe
 m - a +2 pair of gloves (worn)
 q - a +0 pair of boots (worn)
 s - a +1 pair of gloves
Jewellery
 k - a ring of see invisible (left hand)
Wands
 v - a wand of iceblast (4/15)
Scrolls
 e - a scroll of random uselessness
 o - 3 scrolls of teleportation
 t - 2 scrolls of remove curse
 w - a scroll of magic mapping {unknown}
Potions
 d - a potion of berserk rage
 g - a potion of invisibility
 h - 4 potions of heal wounds {unknown}
 j - 2 potions of resistance {unknown}
 l - a potion of flight {unknown}
 n - 4 potions of lignification
 p - 3 potions of curing
 r - 2 potions of agility
 u - a potion of haste {unknown}
Comestibles
 b - 2 bread rations
 i - 12 fruits


   Skills:
 - Level 4.1 Fighting
 - Level 2.4 Dodging
 - Level 2.4 Stealth
 * Level 10.6 Unarmed Combat


You had 7 spell levels left.
You didn't know any spells.

Dungeon Overview and Level Annotations

Branches:
Dungeon (10/15)
 Temple: D:4-7         Lair: D:8-11         Orc: D:9-12

Altars:

Shops:
D:4 [

Portals:
Trove: D:10 (give 19 scrolls of identify)

Annotations:
D:5 Prince Ribbit


Innate Abilities, Weirdness & Mutations

You have razor-sharp teeth.
You heal very quickly.
When hurt, damage is shared between your health and your magic reserves.
Your bite disrupts and absorbs the magic of your enemies.
Potions and wands cannot restore your health.
You are immune to rotting.
You are agile. (Dex +2)
You tend to lose your temper in combat.
You have an increased reservoir of magic. (+10% MP)


Message History

Found 16 gold pieces.
Found a scroll labeled BUFOIH FIPLUY.
Found a stone staircase leading up.
You now have 217 gold pieces (gained 16).
w - a scroll labeled BUFOIH FIPLUY
Found a quarterstaff.
Found a stone staircase leading down.
There is a stone staircase leading up here.
You climb upwards.
There is a stone staircase leading down here.
Unknown command.
Found a stone staircase leading up.
Found 14 gold pieces.
There is a stone staircase leading up here.
You now have 231 gold pieces (gained 14).
There is a stone staircase leading up here.
You climb upwards.
There is a stone staircase leading down here.
Unknown command.
Unknown command.
Are you sure you want to abandon this character and quit the game? (Confirm with "yes".)

###### .# .....#
#.# ## .....# #.#
. .....###.#
######.#
.......#.# ....#.#
.....#.#.##
##....#
.....#....##.##.@#
.....#...........#
#.#####...##.###.#
..# ##.### #.# ###
#.# #.# #)# ..#
##'## ### ##...##
##.....##


There were no monsters in sight!

Vanquished Creatures
  An orc warrior (D:8)
  An ice beast (D:8)
  A sky beast (D:5)
  A phantom (D:6)
  2 ogres
  A big kobold (D:9)
  2 giant frogs
  4 water moccasin zombies (Ossuary)
  A scorpion (D:9)
  A howler monkey (D:6)
  A hound (D:8)
  2 giant frog skeletons
  An iguana (D:9)
  Ijyb (D:3)
  An orc wizard (D:9)
  4 worker ants
  5 big kobold zombies (Ossuary)
  A hound zombie (D:7)
  2 mummies (Ossuary)
  A howler monkey zombie (D:6)
  4 gnolls (D:4)
  5 adders
  An ooze (D:4)
  An adder zombie (Ossuary)
  2 worms
  5 orcs
  A giant cockroach (D:2)
  2 hobgoblins (D:3)
  7 kobolds (D:9)
  A quokka (D:10)
  A giant newt (D:3)
  A goblin (D:2)
  4 hobgoblin zombies (Ossuary)
  A jackal skeleton (D:4)
  4 kobold zombies (Ossuary)
  6 orc zombies (Ossuary)
  2 quokka zombies (D:7)
82 creatures vanquished.

Notes
Turn   | Place    | Note
-------+----------+-------------------------------------------
     0 | D:1      | 4thArraOfDagon the Vine Stalker Monk began the quest for the Orb.
     0 | D:1      | Reached XP level 1. HP: 11/11 MP: 2/2
   152 | D:3      | Noticed an ogre
   169 | D:3      | Reached XP level 2. HP: 9/16 MP: 1/3
   193 | D:3      | Killed an ogre
   193 | D:3      | Reached skill level 5 in Unarmed Combat
   193 | D:3      | Reached XP level 3. HP: 18/19 MP: 4/4
   193 | D:3      | Reached XP level 4. HP: 22/23 MP: 5/5
   288 | D:3      | Noticed Ijyb
   305 | D:3      | Killed Ijyb
   305 | D:3      | Reached XP level 5. HP: 22/27 MP: 6/6
   343 | D:4      | Found Yddua's Antique Armour Boutique.
   401 | D:4      | Reached skill level 6 in Unarmed Combat
   418 | D:4      | :)
   595 | D:5      | Entered Level 5 of the Dungeon
   595 | D:5      | Noticed Prince Ribbit
   757 | D:5      | Noticed a sky beast
   766 | D:5      | Gained mutation: You heal very quickly. [Vine Stalker growth]
   766 | D:5      | Reached XP level 6. HP: 32/32 MP: 7/7
   781 | D:5      | Killed a sky beast
   781 | D:5      | Reached skill level 7 in Unarmed Combat
   787 | D:5      | Gained mutation: You are agile. (Dex +2) [mutagenic meat]
   790 | D:5      | Gained mutation: You tend to lose your temper in combat. [mutagenic meat]
   793 | D:5      | Gained mutation: You have an increased reservoir of magic. (+10% MP) [mutagenic meat]
   986 | D:6      | Turgon: Hi - berserkitis can be interesting in early game imo
   987 | D:6      | Reached XP level 7. HP: 32/36 MP: 8/8
  1194 | D:7      | Found a sand-covered staircase.
  1201 | Ossuary  | Entered an ossuary
  1228 | Ossuary  | Reached skill level 8 in Unarmed Combat
  1327 | Ossuary  | Gained mutation: You have razor-sharp teeth. [Vine Stalker growth]
  1327 | Ossuary  | Reached XP level 8. HP: 41/42 MP: 9/9
  1379 | Ossuary  | Reached skill level 9 in Unarmed Combat
  1567 | D:9      | 4thArraOfDagon: :(
  1699 | D:9      | Reached skill level 10 in Unarmed Combat
  1748 | D:10     | Entered Level 10 of the Dungeon
  1964 | D:10     | Found a portal to a secret trove of treasure.
  2154 | D:3      | 4thArraOfDagon: did they remove altars in trunk>
  2154 | D:3      | Quit the game

Vault maps used:
D:1:      dpeg_arrival_water_temple_mockup, minmay_hexomino_u4
D:2:      kennysheep_generic_room_3, uniq_crazy_yiuf_cottage
D:3:      first_bread, uniq_robin, uniq_iyjb
D:4:      serial_shops, nicolae_shop_crystal
D:5:      uniq_sigmund, uniq_menkaure, uniq_prince_ribbit1
D:6:      kennysheep_spiral_hall
D:7:      minitemple, enter_ossuary_4
D:8:      serial_shops, kennysheep_little_box
D:9:      blue_anna_alchemist, minivault_23, uniq_grum, uniq_erolcha,
          uniq_gastronok
D:10:     serial_shops, shop, enter_trove_3, uniq_urug, uniq_nergalle,
          uniq_josephine
Ossuary:  ossuary_tomb_2

Skill      XL: |  1  2  3  4  5  6  7  8 |
---------------+-------------------------+-----
Unarmed Combat | 5 6 7 8 10 | 10.6
Fighting       | 3 4 |  4.1
Dodging        | |  2.4
Stealth        | |  2.4

Action                   |  1- 3 |  4- 6 |  7- 9 || total
-------------------------+-------+-------+-------++-------
Melee: Unarmed           |    28 |    89 |   223 ||   340
       Bite              |    10 |    24 |    78 ||   112
       Punch             |     1 |     4 |     4 ||     9
  Use: Potion            |     1 |     1 |     3 ||     5
       Scroll            |       |     5 |     3 ||     8
 Stab: Sleeping          |       |     1 |       ||     1
  Eat: Chunk             |       |     4 |       ||     4
       Bread ration      |       |       |     1 ||     1
       Beef jerky        |       |       |     1 ||     1
Armor: Ring mail         |     6 |    18 |    62 ||    86
       Skin              |       |       |     5 ||     5
Dodge: Dodged            |    16 |    37 |   117 ||   170
